 Dungeon Crawl Stone Soup version 0.21.0-3-g78d12a8 (webtiles) character file.

1452 tidbits the Covert (level 8, 0/44 HPs)
             Began as a Vine Stalker Conjurer on Jan 10, 2018.
             Slain by a hornet zombie (10 damage)
             ... on level 7 of the Dungeon.
             The game lasted 00:17:31 (2309 turns).

tidbits the Covert (Vine Stalker Conjurer)          Turns: 2309, Time: 00:17:32

Health: 0/44       AC:  7    Str: 14    XL:     8   Next: 75%
Magic:  0/12       EV: 13    Int: 17    God:
Gold:   300        SH:  0    Dex: 14    Spells: 10/11 levels left

rFire    . . .     SeeInvis +   a - +3 dagger (venom)
rCold    . . .     Gourm    .   (no shield)
rNeg     . . .     Faith    .   B - +0 leather armour
rPois    +         Spirit   +   (no helmet)
rElec    .         Reflect  .   (no cloak)
rCorr    +         Harm     .   G - +0 pair of gloves
MR       +....                  F - +2 pair of boots
Stlth    ++++......             (no amulet)
HPRegen  0.54/turn              P - ring of poison resistance
MPRegen  0.13/turn              s - ring of resist corrosion

@: no status effects
A: fangs 3, hooves 1, see invisible, blink, clever 1, regeneration 1, magic
shield, antimagic bite, no potion heal 3, rot immunity
a: Blink


You were on level 7 of the Dungeon.
You were hungry.

You visited 1 branch of the dungeon, and saw 7 of its levels.

You collected 300 gold pieces.

Inventory:

Hand Weapons
 a - a +3 dagger of venom (weapon)
   (You took it off an orc wizard on level 3 of the Dungeon)
 e - a +0 dagger
 k - a +0 dagger of venom
   (You took it off an orc on level 3 of the Dungeon)
 m - a +0 dagger
 o - a +0 hunting sling
 v - a +0 scythe
 C - a +0 rapier
Missiles
 g - 61 arrows
 h - 3 tomahawks (quivered)
 t - 8 tomahawks of dispersal {!f}
Armour
 f - a +0 robe
 u - a +0 robe
 B - a +0 leather armour (worn)
 D - a cursed +0 leather armour
 F - a +2 pair of boots (worn)
 G - a +0 pair of gloves (worn)
Magical Staves
 j - an uncursed staff of energy {unknown}
   (You found it on level 7 of the Dungeon)
 p - an uncursed staff of cold {unknown}
   (You found it on level 7 of the Dungeon)
Jewellery
 s - a ring of resist corrosion (right hand)
   (You found it on level 2 of the Dungeon)
 P - a ring of poison resistance (left hand)
   (You found it on level 1 of the Dungeon)
Wands
 E - a wand of acid (17)
Scrolls
 d - 4 scrolls of teleportation
 i - 4 scrolls of remove curse
 l - a scroll of vulnerability {unknown}
 r - 2 scrolls of random uselessness
 y - 2 scrolls of fear
Potions
 n - a potion of brilliance
 q - 2 potions of curing
 w - 2 potions of lignification
Books
 b - a book of Conjurations

   Spells                             Type                      Level
   a - Magic Dart                     Conjuration                  1
   b - Searing Ray                    Conjuration                  2
   c - Dazzling Spray                 Conjuration/Hexes            3
   d - Fulminant Prism                Conjuration/Hexes            4
   e - Force Lance                    Conjuration/Translocation    4
   f - Iskenderun's Mystic Blast      Conjuration                  4
Comestibles
 c - 3 rations


   Skills:
 + Level 6.1 Fighting
 + Level 3.5 Dodging
 + Level 9.4 Stealth
 - Level 2.1 Spellcasting
 - Level 4.0 Conjurations


You had 10 spell levels left.
You knew the following spells:

 Your Spells              Type           Power        Failure   Level  Hunger
a - Magic Dart            Conj           ###.         4%          1    #......


Dungeon Overview and Level Annotations

Branches:
Dungeon (7/15)
 Temple: D:4-7

Altars:
Sif Muna
Trog

Portals:
Ossuary: D:7

Annotations:
D:5 Agrougrou's ghost, amateur OpTm


Innate Abilities, Weirdness & Mutations

You have razor-sharp teeth.
Your natural rate of healing is unusually fast.
When hurt, damage is shared between your health and your magic reserves.
Your bite disrupts and absorbs the magic of your enemies.
Potions cannot restore your health.
You are immune to rotting.
You have large cloven feet.
You have supernaturally acute eyesight. (SInv)
You can translocate small distances at will.
Your mind is acute. (Int +2)


Message History

You kill the centaur!
g - 61 arrows (gained 19)
You see here an uncursed shortbow.
Autopickup is now off.
You see here an arrow.
You see here an arrow.
You see here an arrow.
You see here an arrow.
You hear the hiss of a distant avalanche of sand.
All of the chunks of flesh in your inventory have rotted away.
An orc comes into view. It is wielding a hand axe.
Found a crooked glowing staff.
The helpless orc fails to defend itself.
You impale the orc!!
You kill the orc!
A quasit comes into view.
Found a stone staircase leading up.
You see here a crooked glowing staff.
The helpless quasit fails to defend itself.
You impale the quasit!!
You kill the quasit!
You see here a crooked glowing staff.
j - a crooked glowing staff A hornet zombie comes into view.
There is a stone staircase leading up here.
Found a sand-covered staircase.
Found 19 gold pieces.
You hit the hornet zombie. You bite the hornet zombie! You drain its power.
The hornet zombie is moderately damaged.
The hornet zombie hits you.
You hit the hornet zombie but do no damage.
You bite the hornet zombie, but do no damage.
The hornet zombie is moderately damaged.
The hornet zombie closely misses you.
The hornet zombie hits you but does no damage.
You hit the hornet zombie.
The hornet zombie is moderately damaged.
The hornet zombie barely misses you.
You closely miss the hornet zombie. You bite the hornet zombie.
You drain its power.
The hornet zombie is moderately damaged.
The hornet zombie barely misses you.
You hit the hornet zombie but do no damage.
You bite the hornet zombie, but do no damage.
The hornet zombie is moderately damaged.
The hornet zombie hits you! The hornet zombie closely misses you.
You hit the hornet zombie but do no damage.
You bite the hornet zombie. You drain its power.
You feel invigorated.
The hornet zombie is moderately damaged.
The hornet zombie hits you!
You hit the hornet zombie.
The hornet zombie is moderately damaged.
The hornet zombie hits you but does no damage.
You hit the hornet zombie.
The hornet zombie is moderately damaged.
You hear the hiss of an avalanche of sand.
The hornet zombie hits you but does no damage.
The hornet zombie hits you.
You hit the hornet zombie.
The hornet zombie is heavily damaged.
The hornet zombie hits you!
* * * LOW HITPOINT WARNING * * *
You hit the hornet zombie. Your bite misses the hornet zombie.
The hornet zombie is heavily damaged.
The hornet zombie barely misses you.
You are feeling hungry.
You hit the hornet zombie but do no damage.
You bite the hornet zombie, but do no damage.
The hornet zombie is heavily damaged.
The hornet zombie hits you!
* * * LOW HITPOINT WARNING * * *
You hit the hornet zombie but do no damage.
Your bite misses the hornet zombie.
The hornet zombie is heavily damaged.
The hornet zombie completely misses you.
The hornet zombie hits you.
* * * LOW HITPOINT WARNING * * *
Evoke which item? (* to show all) (? for menu, Esc to quit)
Aiming: Corrosive Bolt
Press: ? - help, Shift-Dir - straight line, f - hornet zombie
Aim: a hornet zombie (heavily damaged)
The bolt of acid misses the hornet zombie.
The hornet zombie misses you.
You have no ailments to cure.
Evoke which item? (* to show all) (? for menu, Esc to quit)
Aiming: Corrosive Bolt
Press: ? - help, Shift-Dir - straight line, f/p - hornet zombie
Aim: a hornet zombie (heavily damaged)
The bolt of acid hits the hornet zombie.
The hornet zombie is splashed with acid.
The hornet zombie is almost destroyed.
The hornet zombie hits you but does no damage.
Evoke which item? (* to show all) (? for menu, Esc to quit)
Aiming: Corrosive Bolt
Press: ? - help, Shift-Dir - straight line, f/p - hornet zombie
Aim: a hornet zombie (almost destroyed)
The bolt of acid misses the hornet zombie.
The hornet zombie hits you but does no damage.
The hornet zombie hits you!
You die...

#$. .## ### .∩
... .. .....
.. #.#.##.
#.#... #
###....## .# #
+.......##.#.#
#..@.......#
#.Z......##
##...<.###
##...## ##..#
#### # # ##.#
...# #.# #.#
##.# #.# #.#
##.##...# #.#


You could see a hornet zombie.

Vanquished Creatures
  Grinder (D:4)
  Sigmund (D:4)
  An ogre (D:6)
  3 centaurs
  A bullfrog (D:7)
  A howler monkey (D:5)
  A crimson imp (D:7)
  A centaur zombie (D:5)
  A hound (D:4)
  A quasit (D:7)
  2 orc wizards (D:3)
  A centaur skeleton (D:4)
  An iguana (D:6)
  Natasha (thrice) (D:4)
  3 worker ants
  3 hound zombies
  A hound skeleton (D:5)
  8 adders
  10 gnolls
  2 oozes (D:3)
  2 worms
  A dart slug (D:1)
  A leopard gecko (D:3)
  11 orcs
  4 goblins
  6 hobgoblins
  3 kobolds
  A quokka (D:5)
  3 ball pythons
  4 bats
  A frilled lizard (D:3)
  A leopard gecko skeleton (D:7)
  15 rats
99 creatures vanquished.

Notes
Turn   | Place    | Note
-------+----------+-------------------------------------------
     0 | D:1      | tidbits the Vine Stalker Conjurer began the quest for the Orb.
     0 | D:1      | Reached XP level 1. HP: 9/9 MP: 4/4
   217 | D:1      | Reached skill level 1 in Fighting
   217 | D:1      | Reached skill level 3 in Stealth
   217 | D:1      | Reached XP level 2. HP: 7/14 MP: 6/6
   485 | D:3      | HP: 1/14 [orc wizard/dagger of venom (3)]
   488 | D:3      | Reached skill level 4 in Stealth
   488 | D:3      | Reached XP level 3. HP: 2/18 MP: 7/7
   489 | D:3      | Reached skill level 2 in Fighting
   490 | D:3      | Gained mutation: Your natural rate of healing is unusually fast. [Vine Stalker growth]
   490 | D:3      | Reached XP level 4. HP: 2/23 MP: 8/8
   746 | D:3      | Reached XP level 5. HP: 26/27 MP: 9/9
   747 | D:3      | Reached skill level 5 in Stealth
   818 | D:3      | Reached skill level 3 in Fighting
  1015 | D:4      | Noticed Sigmund
  1020 | D:4      | Killed Sigmund
  1020 | D:4      | Reached skill level 6 in Stealth
  1020 | D:4      | Reached XP level 6. HP: 33/33 MP: 8/10
  1036 | D:4      | Reached skill level 4 in Fighting
  1046 | D:4      | Noticed Natasha
  1057 | D:4      | Killed Natasha
  1089 | D:4      | Noticed Grinder
  1119 | D:4      | Paralysed by Grinder for 5 turns
  1127 | D:4      | Killed Grinder
  1127 | D:4      | Reached skill level 7 in Stealth
  1127 | D:4      | Reached XP level 7. HP: 38/38 MP: 1/11
  1136 | D:4      | Noticed Natasha
  1147 | D:4      | Killed Natasha
  1231 | D:4      | Reached skill level 5 in Fighting
  1333 | D:4      | Noticed Natasha
  1362 | D:4      | Killed Natasha
  1426 | D:5      | Entered Level 5 of the Dungeon
  1482 | D:5      | Reached skill level 8 in Stealth
  1570 | D:6      | Reached skill level 2 in Dodging
  1570 | D:6      | Gained mutation: You have razor-sharp teeth. [Vine Stalker growth]
  1570 | D:6      | Reached XP level 8. HP: 43/43 MP: 12/12
  1657 | D:5      | Found a deep blue altar of Sif Muna.
  1689 | D:5      | Found a bloodstained altar of Trog.
  1829 | D:5      | Noticed Agrougrou's ghost (amateur OpTm)
  1967 | D:6      | Reached skill level 3 in Dodging
  2076 | D:7      | Reached skill level 9 in Stealth
  2168 | D:7      | Reached skill level 6 in Fighting
  2229 | D:7      | Gained mutation: You have supernaturally acute eyesight. (SInv) [potion of mutation]
  2229 | D:7      | Gained mutation: Your mind is acute. (Int +2) [potion of mutation]
  2229 | D:7      | Gained mutation: You have large cloven feet. [potion of mutation]
  2229 | D:7      | Gained mutation: You can translocate small distances at will. [potion of mutation]
  2293 | D:7      | Found a sand-covered staircase.
  2309 | D:7      | Slain by a hornet zombie

Skill      XL: |  1  2  3  4  5  6  7  8 |
---------------+-------------------------+-----
Fighting       | 1 2 3 4 5 6 |  6.1
Stealth        | 3 4 6 7 8 9 |  9.4
Dodging        | 2 3 |  3.5
Spellcasting   | |  2.1
Conjurations   | |  4.0

Action                   |  1- 3 |  4- 6 |  7- 9 || total
-------------------------+-------+-------+-------++-------
Melee: Unarmed           |    24 |     8 |       ||    32
       Bite              |    11 |    26 |    36 ||    73
       Dagger            |    15 |   113 |   117 ||   245
Throw: Tomahawk          |       |     3 |       ||     3
 Cast: Magic Dart        |    22 |    18 |    16 ||    56
Evoke: Wand              |       |       |     3 ||     3
  Use: Potion            |     4 |     2 |     1 ||     7
       Scroll            |       |     1 |     8 ||     9
 Stab: Sleeping          |     2 |     6 |    15 ||    23
       Invisible         |     1 |     1 |       ||     2
  Eat: Chunk             |       |     1 |     1 ||     2
       Ration            |       |     1 |       ||     1
Armor: Robe              |     7 |       |       ||     7
       Leather armour    |       |    20 |    25 ||    45
       Skin              |       |     7 |       ||     7
Dodge: Dodged            |    39 |    48 |    65 ||   152

Table legend:
 A = Turns spent in this place as a percentage of turns spent in the entire game.
 B = Non-inter-level travel turns spent in this place as a percentage of non-inter-level travel turns spent in the entire game.
 C = Inter-level travel turns spent in this place as a percentage of turns spent in this place.
 D = Turns resting spent in this place as a percentage of non-inter-level travel turns spent in this place.
 E = Turns spent auto-exploring this place as a percentage of non-inter-level travel turns spent in this place.
 F = Non-inter-level travel turns spent in this place divided by the number of levels of this place that you've seen.
                   A       B       C       D       E      F
               +-------+-------+-------+-------+-------+----------------------
         Total | 100.0 | 100.0 |   2.9 |   0.0 |   0.0 | 320.1
       Dungeon | 100.0 | 100.0 |   2.9 |   0.0 |   0.0 | 320.1
               +-------+-------+-------+-------+-------+----------------------

Table legend:
 A = Kills in this place as a percentage of kills in entire the game.
 B = Kills by you in this place as a percentage of kills by you in the entire game.
 C = Kills by friends in this place as a percentage of kills by friends in the entire game.
 D = Other kills in this place as a percentage of other kills in the entire game.
 E = Experience gained in this place as a percentage of experience gained in the entire game.
 F = Experience gained in this place divided by the number of levels of this place that you have seen.
                   A       B       C       D       E      F
               +-------+-------+-------+-------+-------+----------------------
         Total | 100.0 | 100.0 |   N/A |   N/A | 100.0 | 296.4
       Dungeon | 100.0 | 100.0 |   N/A |   N/A | 100.0 | 296.4
               +-------+-------+-------+-------+-------+----------------------

Vault maps used:
D:1:      erik_arrival_orb_chamber, serial_bayou_crossing
D:2:      old_standard_altar
D:3:      minmay_bisected
D:4:      interstate_on_off, lemuel_flame_loot_1, uniq_natasha, uniq_grinder,
          uniq_sigmund
D:5:      lemuel_crystal_altar, lemuel_blue_sif_altar, fedhas_altar_4,
          first_ration
D:7:      temple_doors_ab, basic_altar, enter_ossuary_3
